 Dungeon Crawl Stone Soup version 0.32-a0-932-g546787307d (webtiles) character file.

Game seed: 4471436452447414955

6093 ouz the Carver (level 10, -5/81 HPs)
             Began as a Coglin Gladiator on Apr 14, 2024.
             Was a Believer of Okawaru.
             Shot with an arrow by a centaur warrior (17 damage)
             ... on level 8 of the Dungeon.
             The game lasted 00:09:48 (8523 turns).

ouz the Carver (Coglin Gladiator)                   Turns: 8523, Time: 00:09:49

Health: -5/81      AC:  8    Str: 15    XL:     10   Next: 88%
Magic:  10/10      EV: 16    Int:  8    God:    Okawaru [**....]
Gold:   393        SH:  0    Dex: 19    Spells: 9/9 levels left

rFire   . . .        a - +0 long sword (spect) {Bunsong}
rCold   . . .        q - +1 scimitar (vamp) {Ishpreet}
rNeg    . . .        u - +0 steam dragon scales
rPois   .            c - +0 helmet
rElec   .            m - +0 cloak
rCorr   .            (no gloves)
SInv    .            z - +0 pair of boots
Will    .....        (amulet unavailable)
Stlth   ++           (ring unavailable)
HPRegen 0.33/turn    (ring unavailable)
MPRegen 0.12/turn    (no gizmo)

%: no passive effects
@: no status effects
A: off-hand wielding, slow wielding, warmup strikes, no jewellery
a: Invent Gizmo, Renounce Religion, Heroism


You were on level 8 of the Dungeon.
You worshipped Okawaru.
Okawaru was pleased with you.
You visited 2 branches of the dungeon, and saw 9 of its levels.
You also visited: Sewer.

You collected 393 gold pieces.

Inventory:

Hand Weapons
 a - a +0 spectral long sword (weapon) {Bunsong}
 q - a +1 vampiric scimitar (offhand) {Ishpreet}
Missiles
 d - 2 throwing nets (quivered)
 e - a javelin
Armour
 b - a +0 leather armour
 c - a +0 helmet (worn)
 m - a +0 cloak (worn)
 o - a +0 ring mail
 u - +0 steam dragon scales (worn)
 z - a +0 pair of boots (worn)
Wands
 g - a wand of paralysis (3)
 i - a wand of flame (15)
 n - a wand of roots (8)
 A - a wand of mindburst (13)
Scrolls
 f - a scroll of silence
 k - a scroll of revelation
 l - 2 scrolls of vulnerability
 y - 2 scrolls of identify
 C - a scroll of butterflies
Potions
 h - a potion of degeneration
 j - 3 potions of brilliance
 r - 2 potions of lignification
 w - 4 potions of enlightenment
 B - a potion of might


   Skills:
 + Level 8.3 Fighting
 * Level 11.8 Long Blades
 - Level 1.7 Throwing
 + Level 7.8 Dodging


You had 9 spell levels left.
You didn't know any spells.
Your spell library contained the following spells:

 Spells                   Type           Power      Damage    Failure   Level
 Apportation              Tloc           0%         N/A       41%         1
 Magic Dart               Conj           0%         1d3       41%         1
 Necrotise                Necr           0%         1d4       41%         1
 Sting                    Conj/Alch      0%         1d3       41%         1
 Blink                    Tloc           0%         N/A       54%         2
 Sigil of Binding         Hex            0%         N/A       78%         3
 Cause Fear               Hex            0%         N/A       99%         4
 Dimensional Bullseye     Hex/Tloc       0%         N/A       99%         4
 Fireball                 Conj/Fire      0%         3d3       100%        5
 Summon Small Mammal      Summ           Unusable   N/A       N/A         1
 Call Imp                 Summ           Unusable   N/A       N/A         2
 Call Canine Familiar     Summ           Unusable   N/A       N/A         3
 Dragon's Call            Summ           Unusable   N/A       N/A         9

Dungeon Overview and Level Annotations

Branches:
Dungeon (8/15)             Temple (1/1) D:6           Sewer (visited)
   Lair: D:8-11

Altars:
Ashenzari
Cheibriados
Dithmenos
Elyvilon
Fedhas
Gozag
Hepliaklqana
Kikubaaqudgha
Makhleb
Okawaru
Qazlal
Ru
Sif Muna
Trog
Uskayaw
Vehumet
Wu Jian
Xom
Yredelemnul
Zin
The Shining One

Shops:
D:3 =   D:7 [

Annotations:
Temple 2 transporters


Innate Abilities, Weirdness & Mutations

You can wield a second weapon in your off-hand.
It takes a long time for you to wield or remove held weapons.
Your first few attacks do less damage.
You cannot equip rings or amulets.


Message History

The centaur warrior's mind is blasted!
The centaur warrior shoots an arrow.
The arrow misses you.
The centaur warrior shoots an arrow.
The arrow closely misses you.
Aiming: Mindburst
Press: ? - help, Shift-Dir - straight line, f/p - centaur warrior
Aim: a centaur warrior, wielding a +0 orcbow (heavily wounded, chance to affect: 47%)
The centaur warrior resists with some effort.
The centaur warrior shoots an arrow.
The arrow hits you!
Unknown command.
Aiming: Mindburst
Press: ? - help, Shift-Dir - straight line, f/p - centaur warrior
Aim: a centaur warrior, wielding a +0 orcbow (heavily wounded, chance to affect: 47%)
The centaur warrior resists with some effort.
The centaur warrior shoots an arrow.
The arrow hits you!!
The centaur warrior shoots an arrow.
The arrow hits you!!
* * * LOW HITPOINT WARNING * * *
Aiming: Paralyse
Press: ? - help, Shift-Dir - straight line, f/p - centaur warrior
Aim: a centaur warrior, wielding a +0 orcbow (heavily wounded, chance to affect: 31%)
The centaur warrior suddenly stops moving!
Unknown command.
A centaur warrior is nearby!
Aiming: Paralyse
Press: ? - help, Shift-Dir - straight line, f/p - centaur warrior
Aim: a centaur warrior, wielding a +0 orcbow (moderately wounded, chance to affect: 31%)
The centaur warrior easily resists.
The centaur warrior shoots an arrow.
The arrow closely misses you.
Unknown command.
Aiming: Paralyse
Press: ? - help, Shift-Dir - straight line, f/p - centaur warrior
Aim: a centaur warrior, wielding a +0 orcbow (moderately wounded, chance to affect: 31%)
The centaur warrior easily resists.
The centaur warrior shoots an arrow.
The arrow barely misses you.
Unknown command.
Aiming: Paralyse
Press: ? - help, Shift-Dir - straight line, f/p - centaur warrior
Aim: a centaur warrior, wielding a +0 orcbow (moderately wounded, chance to affect: 31%)
The centaur warrior easily resists.
The centaur warrior shoots an arrow.
The arrow hits you!
You die...

########################
#........@.....c.......#
#.####################.#
#.# #.# ####.## #.#
#.....# #.# #.....#
###'### #.....# #......
#.....# #......
#####.....# #......


You could see a centaur warrior.

Vanquished Creatures
  A gargoyle (D:8)
  Maggie (D:6)
  A troll (D:8)
  Grinder (D:3)
  Prince Ribbit (D:5)
  Sigmund (D:3)
  A slime creature (D:8)
  6 yaks
  Eustachio (D:5)
  A vampire mosquito (D:8)
  Menkaure (D:4)
  A water moccasin (D:6)
  An orc warrior (D:8)
  2 ice beasts (D:7)
  4 sky beasts
  2 black bears
  2 centaurs
  2 ogres
  4 phantoms
  3 kobold brigands
  3 bullfrogs (D:6)
  Blork the orc (D:5)
  A scorpion (D:6)
  6 killer bees (D:8)
  3 howler monkeys (D:7)
  2 bombardier beetles
  5 hounds
  A jelly (D:7)
  4 orc priests
  3 sleepcaps
  4 iguanas
  4 orc wizards
  4 gnolls (D:2)
  8 adders
  A shadow imp (D:5)
  4 white imps
  5 dart slugs
  19 orcs
  8 bats
  11 endoplasms
  8 giant cockroaches
  4 goblins
  8 hobgoblins
  3 jackals
  3 quokkas
  14 ball pythons
  5 frilled lizards
  17 kobolds
  6 rats
202 creatures vanquished.

Notes
Turn   | Place    | Note
-------+----------+-------------------------------------------
     0 | D:1      | ouz the Coglin Gladiator began the quest for the Orb.
     0 | D:1      | Reached XP level 1. HP: 16/16 MP: 1/1
   120 | D:1      | Reached XP level 2. HP: 21/22 MP: 2/2
   353 | D:1      | Reached XP level 3. HP: 28/28 MP: 3/3
   707 | D:1      | Found a faded altar of an unknown god.
  1176 | D:2      | Reached skill level 4 in Long Blades
  1176 | D:2      | Reached XP level 4. HP: 31/34 MP: 4/4
  1562 | D:3      | Noticed Grinder
  1584 | D:3      | Killed Grinder
  1585 | D:3      | Reached skill level 5 in Long Blades
  1585 | D:3      | Reached XP level 5. HP: 31/41 MP: 5/5
  1585 | D:3      | Reached XP level 6. HP: 35/47 MP: 6/6
  1704 | D:3      | Noticed Sigmund
  1743 | D:3      | HP: 2/47 [something (4)]
  1744 | D:3      | Killed Sigmund
  1745 | D:3      | Reached XP level 7. HP: 3/54 MP: 7/7
  2318 | D:3      | Reached skill level 6 in Long Blades
  2652 | D:3      | Found Carchuxkiu's Jewellery Boutique.
  2847 | D:4      | Noticed Menkaure
  2857 | D:4      | Killed Menkaure
  3468 | D:4      | Reached XP level 8. HP: 55/61 MP: 8/8
  3564 | D:4      | Reached skill level 7 in Long Blades
  3916 | D:5      | Entered Level 5 of the Dungeon
  3949 | D:5      | Reached skill level 5 in Fighting
  3949 | D:5      | Reached skill level 5 in Dodging
  4087 | D:5      | Noticed Eustachio
  4088 | D:5      | Noticed Blork the orc
  4102 | D:5      | Killed Blork the orc
  4133 | D:5      | Killed Eustachio
  4227 | D:5      | Reached skill level 8 in Long Blades
  4263 | D:5      | HP: 2/63 [hound (3)]
  4269 | D:5      | HP: 2/63 [hound (2)]
  4918 | D:5      | Noticed Prince Ribbit
  4926 | D:5      | Killed Prince Ribbit
  4927 | D:5      | Reached XP level 9. HP: 47/69 MP: 9/9
  5310 | D:6      | Noticed Maggie
  5321 | D:6      | Killed Maggie
  5322 | D:6      | Reached skill level 9 in Long Blades
  5556 | D:6      | Found a glowing drain.
  5562 | Sewer    | Entered a sewer
  5764 | Sewer    | Found a glowing silver altar of Zin.
  6023 | D:6      | Found an ornate altar of the Wu Jian Council.
  6133 | D:6      | Reached skill level 10 in Long Blades
  6197 | D:6      | Found a staircase to the Ecumenical Temple.
  6409 | Temple   | Found a transporter.
  6409 | Temple   | Found a transporter.
  6409 | Temple   | Found a transporter.
  6409 | Temple   | Found a transporter.
  6409 | Temple   | Entered the Ecumenical Temple
  6484 | D:7      | Reached XP level 10. HP: 58/79 MP: 10/10
  6849 | D:7      | Found a broken altar of Ashenzari.
  6852 | D:7      | Found an iron altar of Okawaru.
  6852 | D:7      | Found a glowing silver altar of Zin.
  6852 | D:7      | Found Roppono's Armour Emporium.
  6853 | D:7      | Found a stormy altar of Qazlal.
  6853 | D:7      | Found a basalt altar of Yredelemnul.
  6868 | D:7      | Became a worshipper of Warmaster Okawaru
  7075 | D:8      | Noticed a gargoyle
  7087 | D:8      | Killed a gargoyle
  7088 | D:8      | Reached skill level 11 in Long Blades
  7308 | D:8      | Reached * piety under Okawaru
  8003 | D:8      | Reached ** piety under Okawaru
  8186 | D:8      | Noticed a centaur warrior
  8523 | D:8      | Shot with an arrow by a centaur warrior

Illustrated notes

Levels and vault maps discovered:
D:1:      minmay_arrival_hallway, layout_basic,
          dilly_ecumenical_altar_fadedgnrine
D:2:      layout_rooms, kennysheep_generic_room_5
D:3:      layout_basic, serial_shops, nicolae_shop_gaudy_bauble,
          small_statue_intersection, uniq_grinder, uniq_sigmund
D:4:      layout_loops_ring, uniq_menkaure
D:5:      layout_basic, uniq_eustachio, uniq_blork_the_orc, uniq_prince_ribbit1
D:6:      layout_gridville, mainiacjoe_overflow_concentric_impassable,
          minmay_temple_entry_poolview, gup_sewer_entry_pipe, uniq_maggie
D:7:      layout_rooms, grunt_temple_overflow_open, serial_shops,
          nicolae_shop_window_shopping
D:8:      minmay_diamond_stairs, layout_basic, nicolae_hexahallways
Temple:   hellmonk_temple_divided_pantheon

Skill      XL: |  1  2  3  4  5  6  7  8  9 10 |
---------------+-------------------------------+-----
Dodging        | 3 4 5 6 7 |  7.8
Long Blades    | 4 5 6 8 10 11 | 11.8
Fighting       | 3 4 5 7 8 |  8.3
Throwing       | |  1.7

Action                     |  1- 3 |  4- 6 |  7- 9 | 10-12 || total
---------------------------+-------+-------+-------+-------++-------
  Melee: Long sword        |    90 |    45 |   310 |    96 ||   541
         Dagger            |    74 |    37 |   178 |       ||   289
         Scimitar          |       |       |   119 |    97 ||   216
  Throw: Throwing net      |       |     3 |     2 |       ||     5
  Evoke: Wand              |       |       |       |    10 ||    10
    Use: Scroll            |     4 |     6 |     6 |     2 ||    18
         Potion            |       |     5 |     3 |     3 ||    11
   Stab: Sleeping          |     4 |       |     2 |       ||     6
         Held in net/web   |       |       |     1 |       ||     1
 Armour: Leather armour    |    51 |    29 |       |       ||    80
         Skin              |       |     3 |       |       ||     3
         Ring mail         |       |       |   178 |       ||   178
         Steam dragon scal |       |       |    39 |    81 ||   120
  Dodge: Dodged            |    54 |    23 |   190 |   104 ||   371

Table legend: (Time is in decaauts)
 A = Elapsed time spent in this place.
 B = Non-inter-level travel time spent in this place.
 C = Inter-level travel time spent in this place.
 D = Time resting spent in this place.
 E = Time spent auto-exploring this place.
 F = Levels seen in this place.
 G = Mean time per level.
                   A        B        C        D        E       F      G
               +--------+--------+--------+--------+--------+-----+--------+
         Total |   8498 |   7968 |    530 |   1074 |   5386 |  10 |  849.8 |
       Dungeon |   8200 |   7671 |    529 |   1074 |   5207 |   8 | 1025.0 |
        Temple |      1 |      1 |      0 |      0 |      0 |   1 |    1.0 |
         Sewer |    296 |    296 |      0 |      0 |    179 |   1 |  296.0 |
               +--------+--------+--------+--------+--------+-----+--------+

Top non-repeatable levels by time:
     D:3: 1270 daAuts
     D:6: 1133 daAuts
     D:5: 1126 daAuts
     D:4: 1058 daAuts
     D:8: 1031 daAuts
     D:7: 1018 daAuts
     D:1: 943 daAuts
     D:2: 618 daAuts
   Sewer: 296 daAuts
  Temple: 1 daAuts
